 Dungeon Sprint DCSS version 0.27-a0-1202-ge72e49191c (webtiles) character file.

Game seed: 13146122716975189513

309 mhtbhm the Prestidigitator (level 6, 0/48 HPs)
             Began as a Draconian Artificer on June 4, 2021.
             Was an Initiate of Okawaru.
             Slain by Sonja
             ... wielding a +2 dagger of distortion
              (25 damage)
             ... in the Dungeon (Sprint I: "Red Sonja").
             The game lasted 00:02:40 (614 turns).

mhtbhm the Prestidigitator (Draconian Artificer)     Turns: 614, Time: 00:02:41

Health: 0/48       AC:  6    Str: 16    XL:     6   Next: 17%
Magic:  6/6        EV: 13    Int: 12    God:    Okawaru [......]
Gold:   257        SH:  0    Dex: 11    Spells: 5/5 levels left

rFire    . . .     SeeInvis .   a - +3 spear (vorpal)
rCold    . . .     Faith    .   (no shield)
rNeg     . . .     Spirit   .   (armour unavailable)
rPois    .         Reflect  .   (helmet restricted)
rElec    .         Harm     .   (no cloak)
rCorr    .         Rampage  .   (no gloves)
Will     .....     NoTele   +   (no boots)
Stlth    +++.......             (no amulet)
HPRegen  0.16/turn              (no ring)
MPRegen  0.10/turn              (no ring)

@: no status effects
A: AC +6, unfitting armour, cold-blooded
a: Renounce Religion


You were in the Dungeon.
You worshipped Okawaru.
Okawaru was noncommittal.
You visited 1 branch You collected 422 gold pieces.
You spent 165 gold pieces at shops.

Inventory:

Hand Weapons
 a - a +3 vorpal spear (weapon)
Wands
 b - a wand of flame (5) (quivered)
 c - a wand of charming (13)
Scrolls
 f - a scroll of enchant weapon {unknown}
 j - a scroll of blinking
Potions
 e - a potion of curing
 g - a potion of haste
 h - 2 potions of magic
 k - a potion of attraction {unknown}
Miscellaneous
 d - a piece from Xom's chessboard (12/15)


   Skills:
 + Level 2.2 Fighting
 + Level 3.2 Maces & Flails
 + Level 5.7 Dodging
 + Level 5.1 Stealth
 + Level 10.1 Evocations


You had 5 spell levels left.
You didn't know any spells.
Your spell library was empty.

Dungeon Overview and Level Annotations

Branches:
Dungeon (1/1)

Altars:
Cheibriados
Dithmenos
Elyvilon
Fedhas
Gozag
Hepliaklqana
Kikubaaqudgha
Makhleb
Nemelex Xobeh
Okawaru
Qazlal
Ru
Sif Muna
Trog
Uskayaw
Vehumet
Wu Jian
Xom
Yredelemnul
Zin
The Shining One
Jiyva
Lugonu

Shops:
D (

Annotations:
D Sonja


Innate Abilities, Weirdness & Mutations

Your plain brown scales are hard. (AC +6)
You cannot fit into any form of body armour.
You are cold-blooded and may be slowed by cold attacks.


Message History

There is an open door here.
You see here a yak corpse.
There is a shimmering blue altar of Sif Muna here.
There is an open door here.
There is an open door here.
You open the door.
Found 108 gold pieces.
There is an open door here.
You now have 176 gold pieces (gained 27).
You now have 203 gold pieces (gained 27).
You now have 230 gold pieces (gained 27).
You now have 257 gold pieces (gained 27).
There is an open door here.
There is an open door here.
There is an open door here.
You open the door.
Sonja, the Graceful Assassin comes into view.
She is wielding a +2 dagger of distortion, quivering curare-tipped darts and carrying a wand of mindburst (12).
Found 108 gold pieces.
You make a move on Xom's chessboard...
Sonja shouts!
Sonja twists and deforms.
Sonja shouts, "Too slow!"
Unknown command.
You make a move on Xom's chessboard...
Sonja falls asleep!
Unknown command.
There is an open door here.
The helpless Sonja fails to defend herself.
You hit Sonja.
Sonja is moderately wounded.
Sonja hits you with a +2 dagger of distortion!
Sonja hits you but does no damage. Space bends around you. Sonja misses you.
Sonja casts a spell.
Sonja blinks!
You make a move on Xom's chessboard...
Sonja twists and deforms.
Sonja hits you with a +2 dagger of distortion.
Space bends around you.
Sonja hits you with a +2 dagger of distortion.
Space warps horribly around you!!
Ouch! That really hurt!
You die...

#<.#..)..#).'..#__#..+
#..)..#.J+..#..'..'..#
#..#####'#####'#__####
#..####..#...#.####
#..#__####..##.#
#..#_____##'#_.+
#⌠⌠#_.∩...†..._#
####_..__##_K#'#
#_____###@#(# #######
#.### $.$ #$.$# ##.##
#+#


You could see Sonja (misshapen).

Vanquished Creatures
  A yak (D)
  An ogre (D)
  Ijyb (D)
3 creatures vanquished.

Vanquished Creatures (collateral kills)
  Sigmund (D)
  A jelly (D)
2 creatures vanquished.

Grand Total: 5 creatures vanquished

Notes
Turn   | Place    | Note
-------+----------+-------------------------------------------
     0 | D        | mhtbhm the Draconian Artificer began the quest for the Orb.
     0 | D        | Reached XP level 1. HP: 16/16 MP: 1/1
     2 | D        | Noticed Ijyb
     8 | D        | Killed Ijyb
     9 | D        | Reached skill level 1 in Stealth
     9 | D        | Reached skill level 5 in Evocations
     9 | D        | Reached XP level 2. HP: 15/23 MP: 2/2
   126 | D        | Noticed an ogre
   134 | D        | Killed an ogre
   135 | D        | Reached skill level 1 in Maces & Flails
   135 | D        | Reached skill level 7 in Evocations
   135 | D        | Reached XP level 3. HP: 28/28 MP: 3/3
   135 | D        | Reached XP level 4. HP: 35/35 MP: 4/4
   254 | D        | Noticed Sigmund
   276 | D        | Found an ornate altar of the Wu Jian Council.
   276 | D        | Found a shimmering blue altar of Sif Muna.
   283 | D        | Found a burning altar of Makhleb.
   283 | D        | Found a shimmering altar of Xom.
   283 | D        | Noticed a slime creature
   317 | D        | Killed Sigmund
   318 | D        | Reached skill level 5 in Dodging
   318 | D        | Reached skill level 8 in Evocations
   318 | D        | Reached XP level 5. HP: 41/41 MP: 5/5
   480 | D        | Found a viscous altar of Jiyva.
   480 | D        | Found a corrupted altar of Lugonu.
   485 | D        | Found a radiant altar of Vehumet.
   517 | D        | Found Vanua's Antique Weapon Emporium.
   517 | D        | Found an ancient bone altar of Kikubaaqudgha.
   517 | D        | Found a hazy altar of Hepliaklqana.
   517 | D        | Found a stormy altar of Qazlal.
   517 | D        | Found a hide-covered altar of Uskayaw.
   517 | D        | Found a blossoming altar of Fedhas.
   517 | D        | Found a bloodstained altar of Trog.
   517 | D        | Found an iron altar of Okawaru.
   517 | D        | Found a basalt altar of Yredelemnul.
   517 | D        | Found a glowing golden altar of the Shining One.
   517 | D        | Found a snail-covered altar of Cheibriados.
   517 | D        | Found a sacrificial altar of Ru.
   517 | D        | Found a glowing silver altar of Zin.
   517 | D        | Found a shadowy altar of Dithmenos.
   517 | D        | Found a white marble altar of Elyvilon.
   517 | D        | Noticed a yak
   525 | D        | Killed a yak
   526 | D        | Reached skill level 5 in Stealth
   526 | D        | Reached skill level 10 in Evocations
   526 | D        | Reached XP level 6. HP: 48/48 MP: 6/6
   526 | D        | Found an opulent altar of Gozag.
   527 | D        | Found a sparkling altar of Nemelex Xobeh.
   534 | D        | Bought a hunting sling for 33 gold pieces
   535 | D        | Bought a runed spear for 132 gold pieces
   567 | D        | Became a worshipper of Warmaster Okawaru
   609 | D        | Noticed Sonja
   614 | D        | Slain by Sonja

Illustrated notes

Levels and vault maps discovered:
D:        dungeon_sprint_1 [red_sonja_temple_1, red_sonja_temple_small_1]

Skill      XL: |  1  2  3  4  5 |
---------------+----------------+-----
Dodging        | 3 4 5 |  5.7
Stealth        | 1 2 3 5 |  5.1
Evocations     | 5 7 8 10 | 10.1
Maces & Flails | 1 2 3 |  3.2
Fighting       | 2 |  2.2

Action                   |  1- 3 |  4- 6 || total
-------------------------+-------+-------++-------
Melee: Club              |     5 |     9 ||    14
       Tailslap          |     1 |     1 ||     2
       Spear             |       |     1 ||     1
Evoke: Wand              |     5 |     7 ||    12
       Piece from Xom's  |     3 |    12 ||    15
  Use: Potion            |     1 |     1 ||     2
 Stab: Paralysed         |     5 |       ||     5
       Sleeping          |       |     2 ||     2
Armor: Skin              |       |     3 ||     3
Dodge: Dodged            |     2 |    11 ||    13

Table legend: (Time is in decaauts)
 A = Elapsed time spent in this place.
 B = Non-inter-level travel time spent in this place.
 C = Inter-level travel time spent in this place.
 D = Time resting spent in this place.
 E = Time spent auto-exploring this place.
 F = Levels seen in this place.
 G = Mean time per level.
                   A        B        C        D        E       F      G
               +--------+--------+--------+--------+--------+-----+--------+
         Total |    625 |    625 |      0 |    385 |      0 |   1 |  625.0 |
       Dungeon |    625 |    625 |      0 |    385 |      0 |   1 |  625.0 |
               +--------+--------+--------+--------+--------+-----+--------+

Top non-repeatable levels by time:
       D: 625 daAuts
